 Dungeon Crawl Stone Soup version 0.31-a0-523-g071a6c1ffa (webtiles) character file.

Game seed: 3449760531010766276

37480 javelincjr the Pandemonic (level 13, -5/103 HPs)
             Began as a Demonspawn Monk on Aug 10, 2023.
             Was a High Priest of Makhleb.
             Killed from afar by an oklob plant (17 damage)
             ... with a splash of acid
             ... on level 2 of the Lair of Beasts on Aug 11, 2023.
             The game lasted 01:22:39 (13796 turns).

javelincjr the Pandemonic (Demonspawn Monk)        Turns: 13796, Time: 01:22:40

Health: -5/103     AC:  3    Str: 13    XL:     13   Next: 58%
Magic:  0/24       EV: 17    Int: 15    God:    Makhleb [*****.]
Gold:   1121       SH:  6    Dex: 16    Spells: 21/27 levels left

rFire   . . .        w - +7 spear (vamp)
rCold   . . .        d - orb {light}
rNeg    . . .        Q - +0 steam dragon scales
rPois   .            D - +1 hat
rElec   .            C - +0 cloak
rCorr   .            G - +0 pair of gloves
SInv    .            E - +0 pair of boots
Will    .....        Z - amulet of guardian spirit
Stlth   +            V - ring of flight
HPRegen 0.37/turn    u - +4 ring of protection
MPRegen 0.19/turn

%: guardian spirit
@: corroded, flying, glowing
A: horns 2, large bone plates 2, demonic guardian 2, spiny 1
a: Renounce Religion, Minor Destruction, Lesser Servant of Makhleb, Major
Destruction, Greater Servant of Makhleb


You were on level 2 of the Lair of Beasts.
You worshipped Makhleb.
Makhleb was extremely pleased with you.
You visited 3 branches of the dungeon, and saw 14 of its levels.
You also visited: Bailey.

You collected 1121 gold pieces.

Inventory:

Hand Weapons
 w - a +7 vampiric spear (weapon)
Missiles
 b - a curare-tipped dart
 s - 11 boomerangs (quivered)
 F - 14 poisoned darts
Armour
 d - an orb of light (worn)
 e - a +0 crystal plate armour
 C - a +0 cloak (worn)
 D - a +1 hat (worn)
 E - a +0 pair of boots (worn)
 G - a +0 pair of gloves (worn)
 L - a +0 plate armour
 Q - +0 steam dragon scales (worn)
Jewellery
 k - an amulet of magic regeneration
 n - a ring of poison resistance
 q - a ring of see invisible
 u - a +4 ring of protection (right hand)
 y - a +6 ring of dexterity
 A - a ring of fire
 T - a ring of willpower
 V - a ring of flight (left hand)
 X - a ring of magical power
 Y - a +4 ring of slaying
 Z - an amulet of guardian spirit (around neck)
Wands
 p - a wand of mindburst (12)
 I - a wand of charming (25)
 M - a wand of iceblast (24)
 N - a wand of acid (14)
Scrolls
 a - a scroll of fog
 f - 2 scrolls of revelation
 g - 6 scrolls of vulnerability
 h - 4 scrolls of poison
 r - 2 scrolls of immolation
 x - 2 scrolls of fear
 H - 4 scrolls of teleportation
 J - a scroll of brand weapon
 K - 5 scrolls of enchant armour
 O - a scroll of silence
 S - 2 scrolls of amnesia
 U - 3 scrolls of summoning
Potions
 c - 7 potions of ambrosia
 i - a potion of cancellation
 j - a potion of lignification
 l - 4 potions of might
 m - a potion of mutation
 o - a potion of invisibility
 t - 2 potions of heal wounds
 v - 3 potions of haste
 z - a potion of attraction {unknown}
 B - 2 potions of curing
 P - 3 potions of brilliance
 R - a potion of enlightenment {unknown}
Miscellaneous
 W - a phantom mirror


   Skills:
 + Level 10.0 Fighting
 + Level 9.1 Polearms
 + Level 7.9 Armour
 + Level 8.8 Dodging
 + Level 7.9 Spellcasting
 + Level 7.9 Translocations
 + Level 11.3 Invocations


You had 21 spell levels left.
You knew the following spells:

 Your Spells              Type           Power      Damage    Failure   Level
a - Blink                 Tloc           58%        N/A       1%          2
b - Manifold Assault      Tloc           29%        N/A       4%          4

Your spell library contained the following spells:

 Spells                   Type           Power      Damage    Failure   Level
 Lesser Beckoning         Tloc           58%        N/A       1%          2
 Gell's Gravitas          Tloc           29%        N/A       1%          3
 Teleport Other           Tloc           29%        N/A       1%          3
 Passage of Golubria      Tloc           29%        N/A       4%          4
 Foxfire                  Conj/Fire      20%        2x1d5     12%         1
 Sublimation of Blood     Necr           5%         N/A       19%         2
 Frozen Ramparts          Ice            10%        1d2       36%         3
 Dispersal                Tloc           14%        N/A       56%         6
 Petrify                  Tmut/Erth      5%         N/A       77%         4
 Irradiate                Conj/Tmut      2%         3d12      98%         5
 Metabolic Englaciation   Hex/Ice        2%         N/A       98%         5
 Silence                  Hex/Air        2%         N/A       98%         5
 Plasma Beam              Fire/Air       2%         2x1d12    100%        6
 Starburst                Conj/Fire      2%         6d3       100%        6
 Lehudib's Crystal Spear  Conj/Erth      2%         10d2      100%        8


Dungeon Overview and Level Annotations

Branches:
Dungeon (11/15)            Temple (1/1) D:4            Lair (2/5) D:11
  Snake (0/4) Lair:2          Orc (0/2) D:11         Bailey (visited)
  Swamp: Lair:2-3    Shoals: Lair:2-3

Altars:
Ashenzari
Cheibriados
Dithmenos
Fedhas
Gozag
Hepliaklqana
Kikubaaqudgha
Makhleb
Nemelex Xobeh
Okawaru
Qazlal
Ru
Sif Muna
Trog
Uskayaw
Vehumet
Wu Jian
Xom
Yredelemnul

Shops:
D:2 ?

Annotations:
Lair:2 exclusion: 2 oklob plants


Innate Abilities, Weirdness & Mutations

You have a pair of horns on your head.
You are mostly covered in large bone plates. (SH +6)
A demonic guardian rushes to your aid.
You are partially covered in sharp spines.


Message History

Unknown command.
Aiming: Minor Destruction (0% risk of failure)
Press: ? - help, Shift-Dir - straight line, f/p - oklob plant
Aim: an oklob plant (moderately damaged, ally target, haloed)
The oklob plant writhes in agony.
Aiming: Minor Destruction (0% risk of failure)
Press: ? - help, Shift-Dir - straight line, f/p - oklob plant
Aim: an oklob plant (heavily damaged, ally target, haloed)
The glob of acid hits the oklob plant.
The oklob plant completely resists.
The oklob plant is heavily damaged.
Aiming: Minor Destruction (0% risk of failure)
Press: ? - help, Shift-Dir - straight line, f/p - oklob plant
Aim: an oklob plant (moderately damaged, ally target, haloed)
The glob of acid hits the oklob plant.
The oklob plant completely resists.
The oklob plant is moderately damaged.
Aiming: Minor Destruction (0% risk of failure)
Press: ? - help, Shift-Dir - straight line, f/p - oklob plant
Aim: an oklob plant (moderately damaged, ally target, haloed)
The puff of flame hits the oklob plant but does no damage.
The oklob plant is moderately damaged.
The oklob plant spits acid at you. The splash of acid hits you!!
The acid corrodes you!
Aiming: Minor Destruction (0% risk of failure)
Press: ? - help, Shift-Dir - straight line, f/p - oklob plant
Aim: an oklob plant (moderately damaged, ally target, haloed)
The zap hits the oklob plant.
The oklob plant is heavily damaged.
The zap hits the oklob plant!
The oklob plant is lightly damaged.
Aiming: Minor Destruction (0% risk of failure)
Press: ? - help, Shift-Dir - straight line, f/p - oklob plant
Aim: an oklob plant (heavily damaged, ally target, haloed)
The glob of acid hits the oklob plant.
The oklob plant completely resists.
The oklob plant is heavily damaged.
The oklob plant spits acid at you. The splash of acid hits you!!
* * * LOW HITPOINT WARNING * * *
The oklob plant spits acid at you. The splash of acid hits you!!
You die...

≈.P.≈.P.≈.##### ##........#
≈≈≈≈≈≈≈≈≈≈~≈≈#≈### ##........
≈≈≈≈≈≈≈≈~~≈≈≈≈≈#≈## ###......
≈≈≈≈≈≈≈≈~##≈≈≈≈≈≈≈ ##........
≈≈≈≈≈≈≈~≈##≈≈≈≈≈≈## ##....##.##
≈≈≈##≈~≈≈≈≈≈P?≈≈≈≈# ##......###
≈≈≈##~≈≈≈≈≈~!P≈≈≈# ##...###.##
≈≈≈≈~~≈≈≈≈~≈~≈≈≈≈## #....###..##
≈≈≈~≈≈≈≈≈~≈~≈≈##@~####.#..#...P##
.≈.≈.≈.P.≈~≈≈≈##3≈............###
..........≈≈≈≈≈~~≈≈.........[..##
.....#...P≈≈≈≈~≈≈≈.............##
....#.....≈≈≈~≈≈≈≈P..##.....#.##
.......#.≈≈~~≈≈≈≈≈...##....#...#
......#...≈~##≈≈≈≈≈....#.##.#..#
#.)......≈†≈##≈≈≈≈......#.....###
..#......†≈≈≈≈≈≈≈≈.....#.#.#.#).#


You could see 2 oklob plants and a friendly sixfirhy (summoned).

Vanquished Creatures
  The ghost of sunglassesatnite the Basher, a journeyman MiBe of Trog (Lair:1)
  A hydra (D:10)
  A two-headed ogre (D:9)
  A dancing weapon (Lair:1)
  Pikel (D:9)
  A cyclops (D:11)
  A black mamba (Lair:2)
  A torpor snail (Lair:2)
  A gargoyle (D:8)
  10 cane toads
  2 rime drakes
  4 komodo dragons
  Psyche (D:8)
  A polar bear (D:11)
  A hornet (D:8)
  A queen bee (Lair:2)
  3 blink frogs (Lair:2)
  2 dream sheep (Lair:2)
  3 wyverns (Lair:2)
  34 yaks
  2 wraiths (D:10)
  Eustachio (D:5)
  5 steam dragons
  2 vampire mosquitoes (D:11)
  3 basilisks (Lair:2)
  A naga (Lair:2)
  13 water moccasins
  7 ice beasts
  A sky beast (D:6)
  7 orc warriors
  2 ogres
  13 wolves
  A black bear (D:5)
  4 centaurs
  A phantom (D:4)
  2 bullfrogs
  2 kobold brigands (D:9)
  7 scorpions
  4 wights (D:6)
  38 killer bees
  5 howler monkeys
  An electric eel (Lair:1)
  3 orc priests
  A jelly (D:7)
  2 sleepcaps
  7 iguanas
  11 orc wizards
  A hell rat (Lair:2)
  4 gnolls
  6 adders
  2 shadow imps
  2 white imps
  3 worms
  2 dart slugs (D:1)
  51 orcs
  9 ball pythons
  4 endoplasms
  7 giant cockroaches
  9 goblins
  9 hobgoblins
  4 jackals (D:2)
  4 quokkas
  3 bats
  3 frilled lizards
  17 kobolds
  3 rats
360 creatures vanquished.

Vanquished Creatures (collateral kills)
  2 two-headed ogres
  3 orc knights (Bailey)
  A cane toad (Lair:2)
  A rime drake (D:11)
  Prince Ribbit (D:9)
  A blink frog (Lair:2)
  A yak (D:10)
  6 orc warriors
  3 scorpions (D:6)
  A killer bee (D:6)
  A howler monkey (D:11)
  2 orc priests
  An orc wizard (D:7)
  3 gnolls
  7 orcs
  2 giant cockroaches (D:6)
  2 goblins
  A hobgoblin (D:1)
39 creatures vanquished.

Vanquished Creatures (others)
  A kobold (D:9)
1 creature vanquished.

Grand Total: 400 creatures vanquished

Notes
Turn   | Place    | Note
-------+----------+-------------------------------------------
     0 | D:1      | javelincjr the Demonspawn Monk began the quest for the Orb.
     0 | D:1      | Reached XP level 1. HP: 18/18 MP: 1/1
   217 | D:1      | Gained mutation: A weak demonic guardian rushes to your
                  | aid. [demonic ancestry]
   217 | D:1      | Reached XP level 2. HP: 24/24 MP: 2/2
   350 | D:1      | Gained mutation: You are partially covered in large bone
                  | plates. (SH +4) [demonic ancestry]
   350 | D:1      | Reached XP level 3. HP: 26/29 MP: 3/3
  1667 | D:2      | Found The Oracle's Delphic Readings.
  1678 | D:2      | Gained mutation: You have a pair of small horns on your
                  | head. [demonic ancestry]
  1678 | D:2      | Reached XP level 4. HP: 28/37 MP: 4/4
  1992 | D:3      | Found a sparkling altar of Nemelex Xobeh.
  1994 | D:3      | Found a sacrificial altar of Ru.
  1996 | D:3      | Found a stormy altar of Qazlal.
  2493 | D:3      | Gained mutation: A demonic guardian rushes to your aid.
                  | [demonic ancestry]
  2493 | D:3      | Reached XP level 5. HP: 42/42 MP: 5/5
  2694 | D:4      | Learned a level 2 spell: Blink
  2843 | D:4      | Found a staircase to the Ecumenical Temple.
  2857 | Temple   | Entered the Ecumenical Temple
  2896 | Temple   | Became a worshipper of Makhleb the Destroyer
  2896 | Temple   | Reached * piety under Makhleb
  2896 | Temple   | Reached ** piety under Makhleb
  3188 | D:4      | Noticed a phantom
  3193 | D:4      | Reached skill level 1 in Spellcasting
  3193 | D:4      | Reached skill level 1 in Invocations
  3207 | D:4      | Killed a phantom
  3208 | D:4      | Reached skill level 1 in Armour
  3208 | D:4      | Reached XP level 6. HP: 42/49 MP: 7/7
  3824 | D:5      | Entered Level 5 of the Dungeon
  3839 | D:5      | Reached skill level 1 in Translocations
  3852 | D:5      | Noticed Eustachio
  3940 | D:5      | Killed Eustachio
  3941 | D:5      | Reached skill level 2 in Invocations
  4051 | D:5      | Gained mutation: You are mostly covered in large bone
                  | plates. (SH +6) [demonic ancestry]
  4051 | D:5      | Reached XP level 7. HP: 33/55 MP: 9/9
  4469 | D:5      | Reached skill level 5 in Fighting
  4469 | D:5      | Reached skill level 3 in Invocations
  4522 | D:5      | Found a hide-covered altar of Uskayaw.
  4822 | D:6      | Reached XP level 8. HP: 45/62 MP: 11/11
  5060 | D:6      | Reached skill level 4 in Invocations
  5101 | D:6      | Reached *** piety under Makhleb
  5170 | D:6      | Reached skill level 5 in Polearms
  5302 | D:6      | Found a runed translucent door.
  5304 | D:6      | Found a runed translucent door.
  5357 | D:6      | Reached skill level 5 in Dodging
  5818 | D:6      | Reached XP level 9. HP: 66/69 MP: 14/14
  5824 | D:6      | Reached skill level 5 in Invocations
  6887 | D:8      | Noticed a two-headed ogre
  6893 | D:8      | Learned a level 4 spell: Manifold Assault
  7123 | D:8      | Killed a two-headed ogre
  7124 | D:8      | Reached skill level 6 in Invocations
  7280 | D:8      | Found a radiant altar of Vehumet.
  7292 | D:8      | Noticed a gargoyle
  7322 | D:8      | Killed a gargoyle
  7537 | D:8      | Gained mutation: You are partially covered in sharp spines.
                  | [demonic ancestry]
  7537 | D:8      | Reached XP level 10. HP: 76/77 MP: 16/16
  7620 | D:8      | Noticed Psyche
  7635 | D:8      | Killed Psyche
  7843 | D:8      | Paralysed by a hornet for 1 turns
  8354 | D:9      | Noticed Pikel
  8382 | D:9      | Killed Pikel
  8383 | D:9      | Reached skill level 7 in Invocations
  8400 | D:9      | Found a flagged portal.
  8459 | Bailey   | Entered a bailey
  8588 | Bailey   | Reached **** piety under Makhleb
  8636 | Bailey   | Reached skill level 5 in Spellcasting
  8639 | Bailey   | Reached skill level 5 in Armour
  8674 | Bailey   | Noticed an orc knight
  8674 | Bailey   | Noticed an orc knight
  8715 | Bailey   | Killed an orc knight
  8716 | Bailey   | Reached skill level 5 in Translocations
  8749 | Bailey   | Killed an orc knight
  8787 | Bailey   | Noticed an orc knight
  8802 | Bailey   | Killed an orc knight
  8834 | Bailey   | Reached skill level 8 in Invocations
  8834 | Bailey   | Reached XP level 11. HP: 51/86 MP: 18/20
  8962 | D:9      | Noticed Prince Ribbit
  8973 | D:9      | Killed Prince Ribbit
  8974 | D:9      | Reached skill level 9 in Invocations
  8974 | D:9      | Gained mutation: You have a pair of horns on your head.
                  | [demonic ancestry]
  8974 | D:9      | Reached XP level 12. HP: 72/94 MP: 21/21
  9134 | D:9      | Noticed a two-headed ogre
  9141 | D:9      | Killed a two-headed ogre
  9708 | D:10     | Entered Level 10 of the Dungeon
  9762 | D:10     | Noticed a six-headed hydra
  9780 | D:10     | Killed a six-headed hydra
 10037 | D:10     | Noticed a centaur warrior
 10067 | D:10     | Noticed a centaur warrior
 10069 | D:10     | Noticed a centaur warrior
 10071 | D:10     | Noticed a centaur warrior
 10175 | D:11     | Upgraded the game from 0.31-a0-521-gc7390f8997 to
                  | 0.31-a0-523-g071a6c1ffa
 10267 | D:11     | Noticed a two-headed ogre
 10270 | D:11     | Found a staircase to the Lair.
 10272 | D:11     | Killed a two-headed ogre
 10278 | D:11     | Found a staircase to the Orcish Mines.
 10303 | D:11     | Reached ***** piety under Makhleb
 10826 | Lair:1   | Entered Level 1 of the Lair of Beasts
 10849 | Lair:1   | Reached skill level 10 in Invocations
 11015 | Lair:1   | You fall into a shaft and drop 1 floor!
 11297 | Lair:2   | Reached XP level 13. HP: 101/101 MP: 23/23
 11522 | Lair:1   | Found a runed translucent door.
 11522 | Lair:1   | Found a shimmering altar of Xom.
 11522 | Lair:1   | Noticed sunglassesatnite's ghost (journeyman MiBe)
 12266 | Lair:1   | Killed sunglassesatnite's ghost
 12328 | Lair:1   | Identified the +6 longbow "Tormentor" {heavy, Dex+2}
 12660 | Lair:2   | Reached skill level 11 in Invocations
 13236 | Lair:2   | Found a staircase to the Snake Pit.
 13560 | Lair:2   | Reached skill level 10 in Fighting
 13796 | Lair:2   | Killed from afar by an oklob plant

Illustrated notes

Levels and vault maps discovered:
D:1:      dpeg_arrival_round_b, layout_loops_ring, minmay_door_square,
          minmay_pentomino_x4
D:2:      layout_basic, minmay_misc_feat_iff, grunt_ministairs_8,
          hangedman_decor_growths, nicolae_nh_oracle_at_delphi
D:3:      layout_basic, chequers_temple_overflow_minitemple,
          kennysheep_generic_room_6
D:4:      layout_layer_cave, temple_green, serial_rivers,
          chequers_serial_rivers_small_b, chequers_serial_rivers_small_a,
          chequers_serial_rivers_small_b, chequers_serial_rivers_micro_a,
          chequers_serial_rivers_micro_e, chequers_serial_rivers_small_a
D:5:      layout_rooms, mainiacjoe_overflow_six_doors_small, uniq_eustachio
D:6:      lemuel_insect_pit, layout_loops_ring
D:7:      layout_loops_ring, serial_glass, glass_columns_a, glass_columns_a
D:8:      layout_cave_pods, nicolae_vehumet_radiance, uniq_psyche
D:9:      layout_rooms, enter_bailey_8, uniq_prince_ribbit1, uniq_pikel
D:10:     layout_cross, onia_ninara_dug_in_and_dangerous
D:11:     layout_roguey, hellmonk_lair_entry_icy, minmay_orc_entry_temple_small
Temple:   regret_index_temple_generic_petals
Lair:1:   layout_regular_city, serial_bayou, serial_bayou_shore_a,
          serial_bayou_pond_e, serial_bayou_pond_d, serial_bayou_shore_b,
          serial_bayou_shore_b, serial_bayou_lagoon_b, ebering_ghost_xom
Lair:2:   regret_index_harrowing_hell_hive, layout_concentric_octagons,
          minmay_snake_entry_guardpost_small

Skill      XL: |  1  2  3  4  5  6  7  8  9 10 11 12 13 |
---------------+----------------------------------------+-----
Polearms       | 3 4 5 6 7 8 9 |  9.1
Dodging        | 3 4 5 7 8 |  8.8
Fighting       | 4 5 6 8 9 10 | 10.0
Spellcasting   | 1 2 3 4 6 7 |  7.9
Invocations    | 1 2 3 4 6 8 9 10 11 | 11.3
Armour         | 1 2 3 4 6 7 |  7.9
Translocations | 1 2 3 4 6 7 |  7.9

Action                     |  1- 3 |  4- 6 |  7- 9 | 10-12 | 13-15 || total
---------------------------+-------+-------+-------+-------+-------++-------
  Melee: Spear             |   153 |   115 |   252 |   532 |   314 ||  1366
         Headbutt          |       |    26 |    58 |   113 |    78 ||   275
  Throw: Boomerang         |       |     4 |     9 |    18 |       ||    31
   Cast: Blink             |       |       |     2 |     2 |       ||     4
         Manifold Assault  |       |       |       |    30 |     1 ||    31
 Invoke: Minor Destruction |       |    13 |    49 |    63 |     9 ||   134
         Lesser Servant of |       |       |     4 |     4 |     2 ||    10
         Major Destruction |       |       |       |     1 |       ||     1
    Use: Scroll            |       |     2 |     4 |    17 |     2 ||    25
         Potion            |       |       |       |     3 |       ||     3
 Armour: Robe              |    11 |       |       |       |       ||    11
         Ring mail         |       |    20 |    67 |    48 |       ||   135
         Steam dragon scal |       |       |       |    73 |    52 ||   125
  Dodge: Dodged            |    64 |    43 |   111 |   300 |   138 ||   656
  Block: Orb               |     4 |     8 |    58 |   142 |    52 ||   264

Table legend: (Time is in decaauts)
 A = Elapsed time spent in this place.
 B = Non-inter-level travel time spent in this place.
 C = Inter-level travel time spent in this place.
 D = Time resting spent in this place.
 E = Time spent auto-exploring this place.
 F = Levels seen in this place.
 G = Mean time per level.
                   A        B        C        D        E       F      G
               +--------+--------+--------+--------+--------+-----+--------+
         Total |  13548 |  13090 |    458 |   1224 |   9169 |  15 |  903.2 |
       Dungeon |  10137 |   9756 |    381 |   1087 |   6898 |  11 |  921.5 |
        Temple |     78 |      1 |     77 |      0 |      0 |   1 |   78.0 |
          Lair |   2866 |   2866 |      0 |     74 |   2169 |   2 | 1433.0 |
        Bailey |    465 |    465 |      0 |     63 |    101 |   1 |  465.0 |
               +--------+--------+--------+--------+--------+-----+--------+

Top non-repeatable levels by time:
  Lair:2: 1500 daAuts
  Lair:1: 1366 daAuts
     D:8: 1316 daAuts
     D:6: 1241 daAuts
     D:4: 1137 daAuts
     D:7: 966 daAuts
     D:1: 914 daAuts
     D:9: 886 daAuts
     D:2: 876 daAuts
     D:5: 872 daAuts
     D:3: 865 daAuts
    D:11: 620 daAuts
  Bailey: 465 daAuts
    D:10: 440 daAuts
  Temple: 78 daAuts
